 Dungeon Crawl Stone Soup version 0.29-a0-577-gafbf2c5d25 (webtiles) character file.

Game seed: 9047381681654371398

17 DocClef the Sneak (level 2, 0/19 HPs)
             Began as a Tengu Delver on June 13, 2022.
             Slain by an iguana (11 damage)
             ... on level 5 of the Dungeon.
             The game lasted 00:00:09 (222 turns).

DocClef the Sneak (Tengu Delver)                     Turns: 222, Time: 00:00:10

Health: 0/19       AC:  3    Str: 12    XL:     2   Next: 62%
Magic:  3/3        EV: 12    Int: 10    God:
Gold:   23         SH:  0    Dex: 15    Spells: 1/1 levels left

rFire   . . .      SeeInvis .   a - +0 short sword
rCold   . . .      Faith    .   (no shield)
rNeg    . . .      Spirit   .   b - +0 leather armour
rPois   .          Reflect  .   (helmet restricted)
rElec   .          Harm     .   (no cloak)
rCorr   .          Rampage  .   (no gloves)
Will    .....                   (boots unavailable)
Stlth   +++.......              (no amulet)
HPRegen 0.06/turn               (no ring)
MPRegen 0.08/turn               (no ring)

@: no status effects
A: beak, talons 3
a: no special abilities


You were on level 5 of the Dungeon.
You visited 1 branch of the dungeon, and saw 1 of its levels.

You collected 23 gold pieces.

Inventory:

Hand Weapons
 a - a +0 short sword (weapon)
Armour
 b - a +0 leather armour (worn)
Wands
 g - a wand of digging (3)
Scrolls
 c - a scroll of fog
 d - a scroll of magic mapping
 e - a scroll of fear
Potions
 f - a potion of haste
 h - a potion of might {unknown}


   Skills:
 + Level 3.1 Fighting
 + Level 2.2 Short Blades
 + Level 2.2 Dodging
 + Level 5.5 Stealth


You had one spell level left.
You didn't know any spells.
Your spell library was empty.

Dungeon Overview and Level Annotations

Branches:
Dungeon (5/15)
 Temple: D:4-7

Altars:


Innate Abilities, Weirdness & Mutations

You have a beak for a mouth.
You have claws for feet.


Message History

No target in view!
No target in view!
No target in view!
No target in view!
No target in view!
No target in view!
You open the door.
There is an open door here.
As you open the door, it creaks loudly!
There is an open door here.
h - a red potion An iguana comes into view.
An iguana is nearby!
A scorpion, an iguana and an ogre come into view.
The helpless ogre fails to defend itself.
You impale the ogre!! You claw the ogre.
The ogre is severely wounded.
The ogre closely misses you.
The iguana hisses angrily.
You hear an angry hiss.
Unknown command.
You hit the iguana. You claw the iguana.
The iguana is moderately wounded.
The iguana bites you.
You hit the iguana but do no damage.
The iguana is moderately wounded.
The iguana barely misses you.
You barely miss the iguana. Your kick misses the iguana.
The iguana is moderately wounded.
You hit the iguana but do no damage. You claw the iguana!
The iguana is almost dead.
The iguana closely misses you.
You hit the iguana but do no damage. You peck the iguana, but do no damage.
The iguana is almost dead.
The iguana bites you.
You hit the iguana. Your kick misses the iguana.
The iguana is almost dead.
The iguana bites you!
Ouch! That really hurt!
You die...

##### ####
...... #..#
......####..#
.......#.#.####
......Ol#.#...#
.......#@#.##.#
....l.####..#.#
...... #..#.#
##### ####.#
#.######
#......######
####....#....
#....'....
######....


You could see an ogre and an iguana.

Vanquished Creatures
  An adder (D:5)
  A white imp (D:5)
2 creatures vanquished.

Notes
Turn   | Place    | Note
-------+----------+-------------------------------------------
     0 | D:5      | DocClef the Tengu Delver began the quest for the Orb.
     0 | D:5      | Reached XP level 1. HP: 14/14 MP: 2/2
    17 | D:5      | Reached XP level 2. HP: 14/19 MP: 3/3
   214 | D:5      | Noticed a scorpion
   214 | D:5      | Noticed an ogre
   222 | D:5      | Slain by an iguana

Illustrated notes

Levels and vault maps discovered:
D:5:      layout_gridville, cheibriados_altar_1, kennysheep_big_empty_room,
          wad_rectangle_vault, uniq_menkaure, uniq_eustachio, uniq_grinder

Action                   || total
-------------------------++-------
Melee: Short sword       ||    17
       Kick              ||     6
       Peck              ||     2
 Stab: Sleeping          ||     1
Armor: Leather armour    ||     1
Dodge: Dodged            ||    10

Table legend: (Time is in decaauts)
 A = Elapsed time spent in this place.
 B = Non-inter-level travel time spent in this place.
 C = Inter-level travel time spent in this place.
 D = Time resting spent in this place.
 E = Time spent auto-exploring this place.
 F = Levels seen in this place.
 G = Mean time per level.
                   A        B        C        D        E       F      G
               +--------+--------+--------+--------+--------+-----+--------+
         Total |    221 |    221 |      0 |      0 |    196 |   1 |  221.0 |
       Dungeon |    221 |    221 |      0 |      0 |    196 |   1 |  221.0 |
               +--------+--------+--------+--------+--------+-----+--------+

Top non-repeatable levels by time:
     D:5: 221 daAuts
